AoeStats
← cad1sc

Marketplace

505356526Analyzed
1v1 RM · 22d ago on Sep 9, 2026· 45m 20s· 2 players
Game mode
Random Map
Map size
Tiny (2 player)
Population
200
Speed
Normal
Resources
Standard
Victory
Conquest
Starting age
Dark Age
Ending age
Imperial Age
RankedLock teamsTeams togetherTeam positionsShared explorationLock speedFull tech treeHidden civsTurbo modeCheats
Victory
Defeat
🇨🇱 Franks · Chile
353
+15
🇪🇸 Goths · Spain
325
-15
cad1sc
1:14 Loom
11:10 Feudal Age
12:41 Town Watch
13:46 Double-Bit Axe
22:41 Wheelbarrow
28:53 Castle Age
32:56 Squires
35:49 Pikeman
38:14 Forging
44:22 Fletching
chirigatica
12:26 Feudal Age
13:56 Wheelbarrow
13:48 Gold Mining
17:33 Double-Bit Axe
23:00 Castle Age
23:25 Forging
23:46 Husbandry
27:36 Scale Barding Armor
28:05 Bow Saw
29:22 Hand Cart
35:24 Pikeman
38:02 Man-at-Arms
45:10 Imperial Age
Connection lost

Rejoining the realm…

Still unreachable

The connection could not be restored.

Session expired

The server has moved on; the page needs a fresh start.